Rocket vs Griffins
(R1)
Created - February 6, 2022 at 22:10
Goals
|
| Rocket |
0 |
2 |
1 |
3 |
| Griffins |
1 |
0 |
0 |
1 |
|
Shots
|
| Rocket |
7 |
6 |
7 |
20 |
| Griffins |
12 |
6 |
19 |
37 |
|
1st period
1. Griffins , Danny Kristo 12 (Mathew Barzal 12) at 11:52
Penalties :
Andrey Pedan (Lav) for Holding (Minor) at 5:14, Phil Oreskovic (Gra) for Checking from behind (Minor) at 8:52, Danton Heinen (Lav) for Hooking (Minor) at 15:20, Riley Armstrong (Gra) for Roughing (Minor) at 19:05
2nd period
2. Rocket , Adrian Kempe 13 (Danton Heinen 15, Corey Trivino 19) at 0:21 (PP)
3. Rocket , Adrian Kempe 14 (Corey Trivino 20) at 14:49
Penalties :
Adam Fox (Lav) for Slashing (Minor) at 2:59, Adam Fox (Lav) for Interference (Minor) at 6:01
3rd period
4. Rocket , Brandon Pirri 11 (Mattias Tedenby 18) at 19:09
Penalties :
Garrett Wilson (Gra) for Hooking (Minor) at 10:34, Garrett Wilson (Gra) for Tripping (Minor) at 14:49
Goalie Stats
Igor Shesterkin (Lav), 36 saves from 37 shots - (0.973), W, 8-5-0, 60:00 minutes
Olivier Roy (Gra), 17 saves from 20 shots - (0.850), L, 9-9-0, 60:00 minutes
Players Stats for Rocket
Player Name G A P +/- PIM S H SB GA TA FO MP PP MP PK MP
------------------------------------------------------------------------------------
Adam Fox 0 0 0 0 4 0 0 1 0 0 0/0 17:31 4:14 0:00
Adrian Kempe 2 0 2 1 0 7 0 0 1 0 1/1 17:53 4:09 1:16
Andrei Mironov 0 0 0 0 0 0 1 1 0 1 0/0 23:17 2:06 3:59
Andrey Pedan 0 0 0 0 2 0 1 1 0 1 0/0 20:05 2:11 2:20
Brandon Pirri 1 0 1 0 0 3 1 0 0 0 3/4 15:59 2:46 0:00
Corey Trivino 0 2 2 1 0 1 4 0 0 1 11/18 16:11 4:09 0:03
Danton Heinen 0 1 1 1 2 1 1 0 0 0 2/2 16:33 4:09 0:00
Dean Kukan 0 0 0 0 0 1 1 0 1 2 0/0 20:10 1:05 4:22
Dominic Turgeon 0 0 0 1 0 2 2 0 1 0 4/8 13:12 0:18 3:53
Dylan DeMelo 0 0 0 1 0 0 1 0 0 0 0/0 17:38 0:36 5:01
Jakub Vrana 0 0 0 0 0 1 2 0 1 0 0/0 13:09 0:18 2:35
Kole Sherwood 0 0 0 0 0 0 3 0 0 0 0/0 8:44 0:00 0:00
Mason Appleton 0 0 0 0 0 1 2 0 0 1 3/4 12:50 0:00 2:35
Mattias Tedenby 0 1 1 0 0 1 2 0 2 0 0/0 20:24 2:46 3:53
Peter Holland 0 0 0 -1 0 0 2 0 0 0 6/15 17:59 2:46 1:37
Sergey Tolchinsky 0 0 0 0 0 0 1 1 1 0 0/0 8:44 0:00 0:00
Ty Rattie 0 0 0 0 0 1 1 0 1 0 0/0 9:49 0:18 0:00
Viktor Loov 0 0 0 1 0 1 2 3 1 1 0/0 21:52 4:14 0:10
Players Stats for Griffins
Player Name G A P +/- PIM S H SB GA TA FO MP PP MP PK MP
------------------------------------------------------------------------------------
Adam Gaudette 0 0 0 -1 0 4 0 1 0 0 0/0 17:07 4:00 0:00
Brendan Woods 0 0 0 0 0 0 1 1 0 0 0/0 13:33 0:41 4:06
Danny Kristo 1 0 1 -1 0 4 2 0 1 0 1/1 18:00 3:42 1:51
Filip Hronek 0 0 0 0 0 0 0 0 0 0 0/0 9:26 0:00 0:02
Garrett Wilson 0 0 0 0 4 5 0 1 1 0 0/1 10:58 0:14 0:00
Ian McCoshen 0 0 0 0 0 1 1 2 0 3 0/0 17:38 0:00 4:34
Lucas Lessio 0 0 0 0 0 1 1 0 0 2 1/1 18:17 4:02 1:16
Marcus Pettersson 0 0 0 -1 0 8 1 1 0 2 0/0 22:51 4:23 0:48
Martin Frk 0 0 0 0 0 3 2 0 1 0 1/3 15:21 4:23 0:00
Mathew Barzal 0 1 1 0 0 0 0 1 0 0 3/8 18:07 3:42 2:07
Patrick Wiercioch 0 0 0 0 0 1 1 1 0 0 0/0 16:46 0:00 2:39
Phil Oreskovic 0 0 0 0 2 0 1 1 1 0 0/0 22:12 3:33 3:22
Riley Armstrong 0 0 0 -1 2 2 1 0 1 1 14/29 20:34 3:51 2:58
Ryan Lindgren 0 0 0 0 0 1 0 1 0 0 0/0 6:17 0:00 0:00
Ryan Pulock 0 0 0 0 0 0 3 0 0 1 0/0 16:27 0:00 3:01
Sonny Milano 0 0 0 0 0 6 1 1 1 0 1/3 14:13 3:33 0:00
Troy Terry 0 0 0 0 0 0 1 1 1 0 0/0 8:19 0:00 0:00
Tyler Pitlick 0 0 0 -1 0 1 3 0 0 0 1/2 16:10 3:36 0:00
Vladislav Namestnikov 0 0 0 0 0 0 1 0 0 0 0/4 10:27 0:00 2:08
3 Stars
1 - Igor Shesterkin (Lav)
2 - Adrian Kempe (Lav)
3 - Corey Trivino (Lav)
Power Play
Rocket - 1 on 4 Attempt(s) - 25.00%
Griffins - 0 on 4 Attempt(s) - 0.00%
Penalty Kill
Rocket - 4 on 4 Attempt(s) - 100.00%
- Score 0 goal in Penalty Kill
Griffins - 3 on 4 Attempt(s) - 75.00%
- Score 0 goal in Penalty Kill
Team Stat
Rocket - Hits : 27 - Faceoff Wins : 30 - Blocked Shots : 7 - Penalty Minutes : 8
Griffins - Hits : 20 - Faceoff Wins : 22 - Blocked Shots : 12 - Penalty Minutes : 8
Official
Referees : Ian Walsh and Conor O'Donnell
Linesman : Bevan Mills and Brandon Gawryletz
Game Notes
No Game Note
Finance
Level 1 -- Attendance: 1780 (89.00%) -- Ticket Income $62,300
Level 2 -- Attendance: 991 (99.10%) -- Ticket Income $14,865
Total Attendance: 2771 (92.37%)
Total Ticket Income: $77,165
Other Income: $3,858
Total Income: $81,023
Rocket
5 vs 5 Forward
Center Left Wing Right Wing Time % Phy DF OF
1 Corey Trivino Adrian Kempe Danton Heinen 35 0 1 4
2 Peter Holland Brandon Pirri Mattias Tedenby 35 0 1 4
3 Mason Appleton Jakub Vrana Ty Rattie 20 0 2 3
4 Dominic Turgeon Sergey Tolchinsky Kole Sherwood 10 0 3 2
5 vs 5 Defense
Defense Defense Time % Phy DF OF
1 Viktor Loov Andrei Mironov 40 0 2 3
2 Dylan DeMelo Adam Fox 30 0 3 2
3 Andrey Pedan Dean Kukan 20 0 3 2
4 Viktor Loov Adam Fox 10 0 3 2
PowerPlay Forward
Center Left Wing Right Wing Time % Phy DF OF
1 Corey Trivino Adrian Kempe Danton Heinen 60 0 0 5
2 Peter Holland Brandon Pirri Mattias Tedenby 40 0 0 5
PowerPlay Defense
Defense Defense Time % Phy DF OF
1 Viktor Loov Adam Fox 60 0 0 5
2 Andrei Mironov Andrey Pedan 40 0 1 4
Penalty Kill 4 Players Forward
Center Wing Time % Phy DF OF
1 Dominic Turgeon Mattias Tedenby 60 0 4 1
2 Mason Appleton Jakub Vrana 40 0 5 0
Penalty Kill 4 Players Defense
Defense Defense Time % Phy DF OF
1 Dean Kukan Dylan DeMelo 60 0 5 0
2 Andrei Mironov Andrey Pedan 40 0 5 0
Penalty Kill - 3 Players Forward
Forward Time % Phy DF OF
1 Dominic Turgeon 60 0 5 0
2 Corey Trivino 40 0 5 0
Penalty Kill - 3 Players Defense
Defense Defense Time % Phy DF OF
1 Viktor Loov Dylan DeMelo 60 0 5 0
2 Andrei Mironov Andrey Pedan 40 0 5 0
4 vs 4 Forward
Center Wing Time % Phy DF OF
1 Mattias Tedenby Brandon Pirri 60 0 2 3
2 Corey Trivino Danton Heinen 40 0 2 3
4 vs 4 Defense
Defense Defense Time % Phy DF OF
1 Viktor Loov Dean Kukan 60 0 2 3
2 Andrei Mironov Andrey Pedan 40 0 2 3
Last Minutes Offensive
Center Left Wing Right Wing Defense Defense
Corey Trivino Adrian Kempe Danton Heinen Viktor Loov Adam Fox
Last Minutes Defensive
Center Left Wing Right Wing Defense Defense
Corey Trivino Brandon Pirri Mattias Tedenby Viktor Loov Dylan DeMelo
Goaltenders
Starting : Igor Shesterkin
Backup : Jean-Francois Berube
Extra Forwards
Normal : Adrian Kempe, Danton Heinen, Mattias Tedenby - PP : Danton Heinen, Adrian Kempe - PK : Peter Holland
Extra Defensemen
Normal : Adam Fox, Viktor Loov, Andrei Mironov - PP : Adam Fox - PK : Dylan DeMelo, Andrei Mironov
Penalty Shots
Mattias Tedenby, Adrian Kempe, Corey Trivino, Danton Heinen, Viktor Loov
Scratches
Daniel Sprong (Healthy), Guillaume Brisebois (Healthy), Jack Glover (Healthy), Ryan Collins (Healthy), Tyler Lewington (Healthy)
Karson Kuhlman (Healthy), Luke Kunin (Healthy), Mikhail Maltsev (Healthy), Blake Hillman (Healthy)
Griffins
5 vs 5 Forward
Center Left Wing Right Wing Time % Phy DF OF
1 Riley Armstrong Lucas Lessio Adam Gaudette 37 1 2 2
2 Mathew Barzal Tyler Pitlick Danny Kristo 33 1 2 2
3 Martin Frk Sonny Milano Garrett Wilson 20 1 2 2
4 Vladislav Namestnikov Brendan Woods Troy Terry 10 1 2 2
5 vs 5 Defense
Defense Defense Time % Phy DF OF
1 Marcus Pettersson Phil Oreskovic 40 1 2 2
2 Patrick Wiercioch Ryan Pulock 30 1 2 2
3 Ian McCoshen Filip Hronek 20 1 2 2
4 Ian McCoshen Ryan Lindgren 10 1 2 2
PowerPlay Forward
Center Left Wing Right Wing Time % Phy DF OF
1 Riley Armstrong Tyler Pitlick Adam Gaudette 55 1 1 3
2 Mathew Barzal Lucas Lessio Danny Kristo 45 1 1 3
PowerPlay Defense
Defense Defense Time % Phy DF OF
1 Marcus Pettersson Martin Frk 55 0 2 3
2 Phil Oreskovic Sonny Milano 45 0 2 3
Penalty Kill 4 Players Forward
Center Wing Time % Phy DF OF
1 Riley Armstrong Brendan Woods 60 1 2 2
2 Vladislav Namestnikov Danny Kristo 40 1 2 2
Penalty Kill 4 Players Defense
Defense Defense Time % Phy DF OF
1 Ian McCoshen Phil Oreskovic 60 1 2 2
2 Patrick Wiercioch Ryan Pulock 40 1 2 2
Penalty Kill - 3 Players Forward
Forward Time % Phy DF OF
1 Brendan Woods 60 1 2 2
2 Riley Armstrong 40 1 2 2
Penalty Kill - 3 Players Defense
Defense Defense Time % Phy DF OF
1 Ian McCoshen Phil Oreskovic 60 1 2 2
2 Patrick Wiercioch Ryan Pulock 40 1 2 2
4 vs 4 Forward
Center Wing Time % Phy DF OF
1 Riley Armstrong Tyler Pitlick 60 1 2 2
2 Vladislav Namestnikov Brendan Woods 40 1 2 2
4 vs 4 Defense
Defense Defense Time % Phy DF OF
1 Marcus Pettersson Phil Oreskovic 60 1 2 2
2 Patrick Wiercioch Ryan Pulock 40 1 2 2
Last Minutes Offensive
Center Left Wing Right Wing Defense Defense
Riley Armstrong Tyler Pitlick Adam Gaudette Marcus Pettersson Danny Kristo
Last Minutes Defensive
Center Left Wing Right Wing Defense Defense
Riley Armstrong Brendan Woods Danny Kristo Marcus Pettersson Phil Oreskovic
Goaltenders
Starting : Olivier Roy
Backup : Adam Werner
Extra Forwards
Normal : Brendan Woods, Lucas Lessio, Garrett Wilson - PP : Brendan Woods, Lucas Lessio - PK : Brendan Woods
Extra Defensemen
Normal : Ryan Pulock, Ian McCoshen, Ryan Lindgren - PP : Ryan Pulock - PK : Ryan Pulock, Ian McCoshen
Penalty Shots
Adam Gaudette, Sonny Milano, Danny Kristo, Vladislav Namestnikov, Troy Terry
Scratches
Greg McKegg (Healthy), Jack Ramsey (Healthy), Jordan Weal (Healthy), Konrad Abeltshauser (Healthy), Michael Bunting (Healthy)
Nikita Pavlychev (Healthy), Ryan Mantha (Healthy), Tanner Kero (Healthy), Tomas Hyka (Healthy), Marcus Hogberg (Healthy)
Philippe Desrosiers (Healthy)
% Time on Ice - Rocket
Lines # - Real PCT - Wanted PCT - Time Play
Normal Forward
1 - 28% - 35% - 12:39
2 - 31% - 35% - 13:42
3 - 21% - 20% - 9:30
4 - 20% - 10% - 8:44
Normal Defense
1 - 33% - 40% - 14:31
2 - 29% - 30% - 12:49
3 - 32% - 20% - 14:08
4 - 7% - 10% - 3:07
PP Forward
1 - 62% - 60% - 4:27
2 - 38% - 40% - 2:46
PP Defense
1 - 59% - 60% - 4:14
2 - 41% - 40% - 2:59
PK Forward
1 - 67% - 60% - 5:21
2 - 33% - 40% - 2:35
PK Defense
1 - 54% - 60% - 4:17
2 - 46% - 40% - 3:39
PK3 Forward
1 - 0% - 60%
2 - 0% - 40%
PK3 Defense
1 - 0% - 60%
2 - 0% - 40%
44 Forward
1 - 0% - 60%
2 - 0% - 40%
44 Defense
1 - 0% - 60%
2 - 0% - 40%
Last Minute Offensive - 0:00
Last Minute Defensive - 0:16
Total
Forward - 60:00
Defense - 60:00
|
% Time on Ice - Griffins
Lines # - Real PCT - Wanted PCT - Time Play
Normal Forward
1 - 30% - 37% - 13:10
2 - 28% - 33% - 12:23
3 - 24% - 20% - 10:40
4 - 19% - 10% - 8:19
Normal Defense
1 - 42% - 40% - 18:34
2 - 30% - 30% - 13:26
3 - 19% - 20% - 8:28
4 - 9% - 10% - 4:04
PP Forward
1 - 49% - 55% - 3:54
2 - 51% - 45% - 4:02
PP Defense
1 - 55% - 55% - 4:23
2 - 45% - 45% - 3:33
PK Forward
1 - 74% - 60% - 5:22
2 - 26% - 40% - 1:51
PK Defense
1 - 66% - 60% - 4:47
2 - 34% - 40% - 2:26
PK3 Forward
1 - 0% - 60%
2 - 0% - 40%
PK3 Defense
1 - 0% - 60%
2 - 0% - 40%
44 Forward
1 - 0% - 60%
2 - 0% - 40%
44 Defense
1 - 0% - 60%
2 - 0% - 40%
Last Minute Offensive - 0:19
Last Minute Defensive - 0:00
Total
Forward - 60:00
Defense - 60:00
|
Play-by-Play
1st period
0:01 of 1st period - Riley Armstrong wins face-off versus Corey Trivino in neutral zone.
0:27 of 1st period - Phil Oreskovic is hit by Peter Holland.
1:55 of 1st period - Snap shot by Sergey Tolchinsky.
1:55 of 1st period - Shot Misses the Net.
2:33 of 1st period - Slapshot by Brandon Pirri.
2:33 of 1st period - Shot Misses the Net.
2:38 of 1st period - Icing by Adam Gaudette.
2:39 of 1st period - Corey Trivino wins face-off versus Riley Armstrong in Griffins zone.
2:42 of 1st period - Wrist shot by Adrian Kempe.
2:42 of 1st period - Stopped by Olivier Roy without a rebound.
2:43 of 1st period - Danton Heinen wins face-off versus Tyler Pitlick in Griffins zone.
2:44 of 1st period - Snap shot by Corey Trivino.
2:44 of 1st period - Shot Blocked by Ian McCoshen.
2:52 of 1st period - Snap shot by Adrian Kempe.
2:52 of 1st period - Shot Blocked by Ian McCoshen.
2:54 of 1st period - Wrist shot by Adrian Kempe.
2:54 of 1st period - Stopped by Olivier Roy with a rebound.
2:56 of 1st period - Slapshot by Dean Kukan.
2:56 of 1st period - Deflect By Adrian Kempe.
2:56 of 1st period - Stopped by Olivier Roy with a rebound.
2:58 of 1st period - Slapshot by Dean Kukan.
2:58 of 1st period - Shot Blocked by Ryan Lindgren.
3:56 of 1st period - Wrist shot by Danny Kristo.
3:56 of 1st period - Shot Blocked by Sergey Tolchinsky.
3:58 of 1st period - Slapshot by Patrick Wiercioch.
3:58 of 1st period - Shot Blocked by Andrei Mironov.
4:10 of 1st period - Icing by Andrei Mironov.
4:11 of 1st period - Dominic Turgeon wins face-off versus Riley Armstrong in Rocket zone.
4:18 of 1st period - Snap shot by Riley Armstrong.
4:18 of 1st period - Stopped by Igor Shesterkin without a rebound.
4:19 of 1st period - Riley Armstrong wins face-off versus Corey Trivino in Rocket zone.
4:28 of 1st period - Wrist shot by Danton Heinen.
4:28 of 1st period - Shot Hit the Post.
4:47 of 1st period - Snap shot by Lucas Lessio.
4:47 of 1st period - Stopped by Igor Shesterkin without a rebound.
4:48 of 1st period - Mathew Barzal wins face-off versus Peter Holland in Rocket zone.
4:51 of 1st period - Backhand shot by Danny Kristo.
4:51 of 1st period - Stopped by Igor Shesterkin with a rebound.
5:14 of 1st period - Minor Penalty to Andrey Pedan for Holding.
5:15 of 1st period - Riley Armstrong wins face-off versus Dominic Turgeon in Rocket zone.
5:16 of 1st period - Snap shot by Adam Gaudette.
5:16 of 1st period - Stopped by Igor Shesterkin with a rebound.
5:18 of 1st period - Slapshot by Marcus Pettersson.
5:18 of 1st period - Stopped by Igor Shesterkin with a rebound.
5:34 of 1st period - Dominic Turgeon is hit by Riley Armstrong and loses puck.
7:14 of 1st period - Penalty to Andrey Pedan is over, Andrey Pedan is back on ice.
7:46 of 1st period - Sonny Milano is hit by Jakub Vrana and loses puck.
8:25 of 1st period - Wrist shot by Mattias Tedenby.
8:25 of 1st period - Shot Misses the Net.
8:52 of 1st period - Minor Penalty to Phil Oreskovic for Checking from behind.
8:53 of 1st period - Riley Armstrong wins face-off versus Corey Trivino in Griffins zone.
9:37 of 1st period - Riley Armstrong is hit by Brandon Pirri and loses puck.
10:37 of 1st period - Danny Kristo is hit by Dean Kukan and loses puck.
10:52 of 1st period - Penalty to Phil Oreskovic is over, Phil Oreskovic is back on ice.
11:17 of 1st period - Snap shot by Garrett Wilson.
11:17 of 1st period - Stopped by Igor Shesterkin with a rebound.
11:23 of 1st period - Garrett Wilson is hit by Ty Rattie.
11:38 of 1st period - Snap shot by Mathew Barzal.
11:38 of 1st period - Shot Blocked by Viktor Loov.
11:40 of 1st period - Wrist shot by Tyler Pitlick.
11:40 of 1st period - Shot Misses the Net.
11:48 of 1st period - Icing by Mattias Tedenby.
11:49 of 1st period - Danny Kristo wins face-off versus Peter Holland in Rocket zone.
11:52 of 1st period - Slapshot by Danny Kristo.
11:52 of 1st period - Goal by Danny Kristo - Rocket : 0 - Griffins : 1.
11:53 of 1st period - Riley Armstrong wins face-off versus Peter Holland in neutral zone.
11:56 of 1st period - Slapshot by Adam Gaudette.
11:56 of 1st period - Stopped by Igor Shesterkin without a rebound.
11:57 of 1st period - Riley Armstrong wins face-off versus Peter Holland in Rocket zone.
11:58 of 1st period - Snap shot by Adam Gaudette.
11:58 of 1st period - Stopped by Igor Shesterkin without a rebound.
11:59 of 1st period - Peter Holland wins face-off versus Riley Armstrong in Rocket zone.
12:14 of 1st period - Adam Gaudette is hit by Peter Holland and loses puck.
12:22 of 1st period - Icing by Phil Oreskovic.
12:23 of 1st period - Tyler Pitlick wins face-off versus Corey Trivino in Griffins zone.
12:28 of 1st period - Snap shot by Adrian Kempe.
12:28 of 1st period - Stopped by Olivier Roy without a rebound.
12:29 of 1st period - Corey Trivino wins face-off versus Mathew Barzal in Griffins zone.
12:30 of 1st period - Snap shot by Adrian Kempe.
12:30 of 1st period - Shot Misses the Net.
12:32 of 1st period - Wrist shot by Corey Trivino.
12:32 of 1st period - Shot Misses the Net.
12:54 of 1st period - Adrian Kempe is hit by Ryan Pulock.
13:10 of 1st period - Snap shot by Adrian Kempe.
13:10 of 1st period - Stopped by Olivier Roy with a rebound.
13:12 of 1st period - Slapshot by Corey Trivino.
13:12 of 1st period - Stopped by Olivier Roy without a rebound.
13:13 of 1st period - Peter Holland wins face-off versus Riley Armstrong in Griffins zone.
13:14 of 1st period - Backhand shot by Mattias Tedenby.
13:14 of 1st period - Shot Blocked by Patrick Wiercioch.
13:41 of 1st period - Dean Kukan is hit by Patrick Wiercioch and loses puck.
14:08 of 1st period - Slapshot by Dominic Turgeon.
14:08 of 1st period - Stopped by Olivier Roy with a rebound.
14:50 of 1st period - Snap shot by Lucas Lessio.
14:50 of 1st period - Shot Misses the Net.
14:52 of 1st period - Slapshot by Marcus Pettersson.
14:52 of 1st period - Stopped by Igor Shesterkin without a rebound.
14:53 of 1st period - Peter Holland wins face-off versus Martin Frk in Rocket zone.
14:53 of 1st period - Peter Holland is hit by Martin Frk.
15:20 of 1st period - Minor Penalty to Danton Heinen for Hooking.
15:21 of 1st period - Riley Armstrong wins face-off versus Dominic Turgeon in Rocket zone.
15:36 of 1st period - Snap shot by Adam Gaudette.
15:36 of 1st period - Deflect By Dean Kukan.
15:36 of 1st period - Stopped by Igor Shesterkin with a rebound.
15:54 of 1st period - Slapshot by Marcus Pettersson.
15:54 of 1st period - Stopped by Igor Shesterkin with a rebound.
16:24 of 1st period - Phil Oreskovic is hit by Andrei Mironov and loses puck.
16:59 of 1st period - Andrei Mironov is hit by Danny Kristo and loses puck.
17:20 of 1st period - Penalty to Danton Heinen is over, Danton Heinen is back on ice.
17:32 of 1st period - Wrist shot by Jakub Vrana.
17:32 of 1st period - Shot Misses the Net.
17:45 of 1st period - Off-side.
17:46 of 1st period - Corey Trivino wins face-off versus Garrett Wilson in neutral zone.
18:11 of 1st period - Viktor Loov is hit by Troy Terry.
18:12 of 1st period - Icing by Viktor Loov.
18:13 of 1st period - Brandon Pirri wins face-off versus Vladislav Namestnikov in Rocket zone.
18:48 of 1st period - Off-side.
18:49 of 1st period - Riley Armstrong wins face-off versus Corey Trivino in neutral zone.
19:04 of 1st period - Snap shot by Lucas Lessio.
19:04 of 1st period - Shot Misses the Net.
19:05 of 1st period - Minor Penalty to Riley Armstrong for Roughing.
19:06 of 1st period - Mathew Barzal wins face-off versus Corey Trivino in Griffins zone.
Goals for this period are 0 for Rocket vs 1 for Griffins.
Shots for this period are 7 for Rocket vs 12 for Griffins.
2nd period
0:01 of 2nd period - Corey Trivino wins face-off versus Mathew Barzal in neutral zone.
0:15 of 2nd period - Off-side.
0:16 of 2nd period - Corey Trivino wins face-off versus Mathew Barzal in neutral zone.
0:21 of 2nd period - Backhand shot by Adrian Kempe.
0:21 of 2nd period - Goal by Adrian Kempe - Rocket : 1 - Griffins : 1.
0:22 of 2nd period - Riley Armstrong wins face-off versus Corey Trivino in neutral zone.
0:24 of 2nd period - Marcus Pettersson is hit by Corey Trivino and loses puck.
0:56 of 2nd period - Wrist shot by Danny Kristo.
0:56 of 2nd period - Stopped by Igor Shesterkin without a rebound.
0:57 of 2nd period - Corey Trivino wins face-off versus Riley Armstrong in Rocket zone.
2:00 of 2nd period - Ryan Pulock is hit by Sergey Tolchinsky and loses puck.
2:21 of 2nd period - Wrist shot by Jakub Vrana.
2:21 of 2nd period - Stopped by Olivier Roy with a rebound.
2:59 of 2nd period - Minor Penalty to Adam Fox for Slashing.
3:00 of 2nd period - Riley Armstrong wins face-off versus Dominic Turgeon in Rocket zone.
3:00 of 2nd period - Wrist shot by Marcus Pettersson.
3:00 of 2nd period - Stopped by Igor Shesterkin with a rebound.
3:02 of 2nd period - Slapshot by Marcus Pettersson.
3:02 of 2nd period - Shot Misses the Net.
3:04 of 2nd period - Slapshot by Martin Frk.
3:04 of 2nd period - Deflect By Riley Armstrong.
3:04 of 2nd period - Stopped by Igor Shesterkin with a rebound.
4:59 of 2nd period - Penalty to Adam Fox is over, Adam Fox is back on ice.
5:06 of 2nd period - Mason Appleton is hit by Vladislav Namestnikov and loses puck.
5:33 of 2nd period - Wrist shot by Mattias Tedenby.
5:33 of 2nd period - Stopped by Olivier Roy with a rebound.
6:01 of 2nd period - Minor Penalty to Adam Fox for Interference.
6:02 of 2nd period - Dominic Turgeon wins face-off versus Mathew Barzal in Rocket zone.
6:25 of 2nd period - Dean Kukan is hit by Marcus Pettersson and loses puck.
7:38 of 2nd period - Martin Frk is hit by Dylan DeMelo and loses puck.
8:01 of 2nd period - Penalty to Adam Fox is over, Adam Fox is back on ice.
8:14 of 2nd period - Snap shot by Danton Heinen.
8:14 of 2nd period - Shot Blocked by Troy Terry.
8:16 of 2nd period - Slapshot by Andrei Mironov.
8:16 of 2nd period - Shot Misses the Net.
8:18 of 2nd period - Wrist shot by Danton Heinen.
8:18 of 2nd period - Shot Misses the Net.
8:32 of 2nd period - Troy Terry is hit by Mason Appleton and loses puck.
8:43 of 2nd period - Wrist shot by Sonny Milano.
8:43 of 2nd period - Stopped by Igor Shesterkin with a rebound.
8:51 of 2nd period - Garrett Wilson is hit by Viktor Loov and loses puck.
9:26 of 2nd period - Vladislav Namestnikov is hit by Viktor Loov and loses puck.
9:31 of 2nd period - Wrist shot by Mason Appleton.
9:31 of 2nd period - Stopped by Olivier Roy with a rebound.
9:53 of 2nd period - Phil Oreskovic is hit by Kole Sherwood and loses puck.
10:33 of 2nd period - Sonny Milano is hit by Corey Trivino and loses puck.
11:32 of 2nd period - Viktor Loov is hit by Ryan Pulock and loses puck.
11:39 of 2nd period - Patrick Wiercioch is hit by Mason Appleton.
11:54 of 2nd period - Danny Kristo is hit by Kole Sherwood and loses puck.
12:17 of 2nd period - Ian McCoshen is hit by Mattias Tedenby and loses puck.
13:54 of 2nd period - Viktor Loov is hit by Ryan Pulock and loses puck.
14:12 of 2nd period - Off-side.
14:13 of 2nd period - Riley Armstrong wins face-off versus Peter Holland in neutral zone.
14:17 of 2nd period - Off-side.
14:18 of 2nd period - Riley Armstrong wins face-off versus Peter Holland in neutral zone.
14:28 of 2nd period - Slapshot by Adam Gaudette.
14:28 of 2nd period - Shot Misses the Net.
14:30 of 2nd period - Backhand shot by Marcus Pettersson.
14:30 of 2nd period - Stopped by Igor Shesterkin with a rebound.
14:44 of 2nd period - Danny Kristo is hit by Corey Trivino and loses puck.
14:49 of 2nd period - Slapshot by Adrian Kempe.
14:49 of 2nd period - Goal by Adrian Kempe - Rocket : 2 - Griffins : 1.
14:50 of 2nd period - Brandon Pirri wins face-off versus Riley Armstrong in neutral zone.
15:05 of 2nd period - Wrist shot by Peter Holland.
15:05 of 2nd period - Shot Misses the Net.
15:23 of 2nd period - Snap shot by Adrian Kempe.
15:23 of 2nd period - Shot Blocked by Phil Oreskovic.
15:29 of 2nd period - Wrist shot by Adrian Kempe.
15:29 of 2nd period - Shot Blocked by Mathew Barzal.
16:12 of 2nd period - Mathew Barzal is hit by Dominic Turgeon and loses puck.
16:33 of 2nd period - Snap shot by Danny Kristo.
16:33 of 2nd period - Shot Misses the Net.
17:03 of 2nd period - Wrist shot by Danny Kristo.
17:03 of 2nd period - Stopped by Igor Shesterkin without a rebound.
17:04 of 2nd period - Riley Armstrong wins face-off versus Peter Holland in Rocket zone.
17:29 of 2nd period - Viktor Loov is hit by Martin Frk and loses puck.
18:13 of 2nd period - Icing by Dean Kukan.
18:14 of 2nd period - Riley Armstrong wins face-off versus Brandon Pirri in Rocket zone.
18:51 of 2nd period - Snap shot by Lucas Lessio.
18:51 of 2nd period - Shot Misses the Net.
19:07 of 2nd period - Snap shot by Brandon Pirri.
19:07 of 2nd period - Stopped by Olivier Roy with a rebound.
19:42 of 2nd period - Wrist shot by Mattias Tedenby.
19:42 of 2nd period - Shot Misses the Net.
19:57 of 2nd period - Snap shot by Adam Gaudette.
19:57 of 2nd period - Deflect By Lucas Lessio.
19:57 of 2nd period - Shot Misses the Net.
19:57 of 2nd period - Puck is out of play.
19:58 of 2nd period - Danton Heinen wins face-off versus Mathew Barzal in Rocket zone.
Goals for this period are 2 for Rocket vs 0 for Griffins.
Shots for this period are 6 for Rocket vs 6 for Griffins.
3rd period
0:01 of 3rd period - Corey Trivino wins face-off versus Riley Armstrong in neutral zone.
0:05 of 3rd period - Danton Heinen is hit by Lucas Lessio and loses puck.
0:16 of 3rd period - Slapshot by Marcus Pettersson.
0:16 of 3rd period - Stopped by Igor Shesterkin with a rebound.
0:26 of 3rd period - Snap shot by Sonny Milano.
0:26 of 3rd period - Shot Misses the Net.
0:28 of 3rd period - Snap shot by Sonny Milano.
0:28 of 3rd period - Stopped by Igor Shesterkin with a rebound.
0:30 of 3rd period - Snap shot by Martin Frk.
0:30 of 3rd period - Stopped by Igor Shesterkin without a rebound.
0:31 of 3rd period - Martin Frk wins face-off versus Peter Holland in Rocket zone.
0:32 of 3rd period - Snap shot by Sonny Milano.
0:32 of 3rd period - Shot Blocked by Adam Fox.
0:34 of 3rd period - Snap shot by Martin Frk.
0:34 of 3rd period - Stopped by Igor Shesterkin without a rebound.
0:35 of 3rd period - Peter Holland wins face-off versus Riley Armstrong in Rocket zone.
1:02 of 3rd period - Adrian Kempe is hit by Tyler Pitlick and loses puck.
1:21 of 3rd period - Danny Kristo is hit by Dominic Turgeon and loses puck.
1:28 of 3rd period - Sergey Tolchinsky is hit by Tyler Pitlick and loses puck.
1:42 of 3rd period - Icing by Andrei Mironov.
1:43 of 3rd period - Mason Appleton wins face-off versus Riley Armstrong in Rocket zone.
1:56 of 3rd period - Slapshot by Riley Armstrong.
1:56 of 3rd period - Shot Blocked by Viktor Loov.
1:58 of 3rd period - Snap shot by Riley Armstrong.
1:58 of 3rd period - Shot Misses the Net.
2:27 of 3rd period - Off-side.
2:28 of 3rd period - Peter Holland wins face-off versus Vladislav Namestnikov in neutral zone.
2:31 of 3rd period - Troy Terry is hit by Mattias Tedenby and loses puck.
3:39 of 3rd period - Slapshot by Andrey Pedan.
3:39 of 3rd period - Shot Blocked by Sonny Milano.
3:42 of 3rd period - Icing by Sonny Milano.
3:43 of 3rd period - Corey Trivino wins face-off versus Sonny Milano in Griffins zone.
3:44 of 3rd period - Snap shot by Adrian Kempe.
3:44 of 3rd period - Shot Misses the Net.
4:40 of 3rd period - Wrist shot by Adrian Kempe.
4:40 of 3rd period - Shot Blocked by Garrett Wilson.
4:50 of 3rd period - Sonny Milano is hit by Andrey Pedan and loses puck.
4:57 of 3rd period - Slapshot by Garrett Wilson.
4:57 of 3rd period - Deflect By Adrian Kempe.
4:57 of 3rd period - Shot Blocked by Andrey Pedan.
4:57 of 3rd period - Puck is out of play.
4:58 of 3rd period - Lucas Lessio wins face-off versus Peter Holland in Rocket zone.
5:23 of 3rd period - Viktor Loov is hit by Danny Kristo and loses puck.
6:06 of 3rd period - Snap shot by Mattias Tedenby.
6:06 of 3rd period - Shot Misses the Net.
6:39 of 3rd period - Slapshot by Viktor Loov.
6:39 of 3rd period - Stopped by Olivier Roy with a rebound.
6:49 of 3rd period - Slapshot by Patrick Wiercioch.
6:49 of 3rd period - Stopped by Igor Shesterkin without a rebound.
6:50 of 3rd period - Dominic Turgeon wins face-off versus Vladislav Namestnikov in Rocket zone.
6:52 of 3rd period - Icing by Sergey Tolchinsky.
6:53 of 3rd period - Dominic Turgeon wins face-off versus Vladislav Namestnikov in Rocket zone.
6:53 of 3rd period - Dominic Turgeon is hit by Brendan Woods.
7:28 of 3rd period - Dean Kukan is hit by Ian McCoshen and loses puck.
8:16 of 3rd period - Vladislav Namestnikov is hit by Kole Sherwood and loses puck.
8:43 of 3rd period - Slapshot by Vladislav Namestnikov.
8:43 of 3rd period - Shot Misses the Net.
8:45 of 3rd period - Slapshot by Ian McCoshen.
8:45 of 3rd period - Stopped by Igor Shesterkin without a rebound.
8:46 of 3rd period - Corey Trivino wins face-off versus Riley Armstrong in Rocket zone.
8:53 of 3rd period - Riley Armstrong is hit by Danton Heinen and loses puck.
9:12 of 3rd period - Peter Holland is hit by Tyler Pitlick and loses puck.
9:21 of 3rd period - Snap shot by Tyler Pitlick.
9:21 of 3rd period - Stopped by Igor Shesterkin without a rebound.
9:22 of 3rd period - Mason Appleton wins face-off versus Riley Armstrong in Rocket zone.
10:15 of 3rd period - Snap shot by Brandon Pirri.
10:15 of 3rd period - Stopped by Olivier Roy without a rebound.
10:16 of 3rd period - Peter Holland wins face-off versus Martin Frk in Griffins zone.
10:34 of 3rd period - Minor Penalty to Garrett Wilson for Hooking.
10:35 of 3rd period - Corey Trivino wins face-off versus Riley Armstrong in Griffins zone.
10:39 of 3rd period - Wrist shot by Danton Heinen.
10:39 of 3rd period - Shot Blocked by Brendan Woods.
10:45 of 3rd period - Snap shot by Riley Armstrong.
10:45 of 3rd period - Shot Misses the Net.
12:13 of 3rd period - Adrian Kempe is hit by Phil Oreskovic and loses puck.
12:22 of 3rd period - Vladislav Namestnikov is hit by Corey Trivino.
12:34 of 3rd period - Penalty to Garrett Wilson is over, Garrett Wilson is back on ice.
12:42 of 3rd period - Slapshot by Garrett Wilson.
12:42 of 3rd period - Stopped by Igor Shesterkin with a rebound.
12:44 of 3rd period - Slapshot by Marcus Pettersson.
12:44 of 3rd period - Shot Blocked by Viktor Loov.
12:46 of 3rd period - Wrist shot by Martin Frk.
12:46 of 3rd period - Deflect By Sonny Milano.
12:46 of 3rd period - Stopped by Igor Shesterkin without a rebound.
12:47 of 3rd period - Mason Appleton wins face-off versus Sonny Milano in Rocket zone.
12:56 of 3rd period - Slapshot by Sonny Milano.
12:56 of 3rd period - Deflect By Garrett Wilson.
12:56 of 3rd period - Stopped by Igor Shesterkin with a rebound.
12:58 of 3rd period - Snap shot by Martin Frk.
12:58 of 3rd period - Deflect By Sonny Milano.
12:58 of 3rd period - Stopped by Igor Shesterkin with a rebound.
13:00 of 3rd period - Wrist shot by Garrett Wilson.
13:00 of 3rd period - Stopped by Igor Shesterkin with a rebound.
13:02 of 3rd period - Slapshot by Garrett Wilson.
13:02 of 3rd period - Stopped by Igor Shesterkin with a rebound.
13:04 of 3rd period - Wrist shot by Garrett Wilson.
13:04 of 3rd period - Shot Misses the Net.
13:06 of 3rd period - Slapshot by Marcus Pettersson.
13:06 of 3rd period - Stopped by Igor Shesterkin with a rebound.
13:08 of 3rd period - Snap shot by Martin Frk.
13:08 of 3rd period - Stopped by Igor Shesterkin with a rebound.
13:12 of 3rd period - Snap shot by Marcus Pettersson.
13:12 of 3rd period - Stopped by Igor Shesterkin with a rebound.
13:14 of 3rd period - Slapshot by Ryan Lindgren.
13:14 of 3rd period - Stopped by Igor Shesterkin with a rebound.
13:16 of 3rd period - Slapshot by Martin Frk.
13:16 of 3rd period - Shot Misses the Net.
13:18 of 3rd period - Slapshot by Sonny Milano.
13:18 of 3rd period - Stopped by Igor Shesterkin with a rebound.
13:28 of 3rd period - Slapshot by Sonny Milano.
13:28 of 3rd period - Stopped by Igor Shesterkin with a rebound.
13:42 of 3rd period - Slapshot by Dean Kukan.
13:42 of 3rd period - Stopped by Olivier Roy with a rebound.
13:55 of 3rd period - Snap shot by Ty Rattie.
13:55 of 3rd period - Shot Blocked by Marcus Pettersson.
14:00 of 3rd period - Marcus Pettersson is hit by Jakub Vrana.
14:42 of 3rd period - Snap shot by Ty Rattie.
14:42 of 3rd period - Stopped by Olivier Roy with a rebound.
14:49 of 3rd period - Minor Penalty to Garrett Wilson for Tripping.
14:50 of 3rd period - Corey Trivino wins face-off versus Riley Armstrong in Griffins zone.
14:56 of 3rd period - Wrist shot by Danton Heinen.
14:56 of 3rd period - Stopped by Olivier Roy without a rebound.
14:57 of 3rd period - Adrian Kempe wins face-off versus Riley Armstrong in Griffins zone.
15:10 of 3rd period - Wrist shot by Adrian Kempe.
15:10 of 3rd period - Shot Misses the Net.
16:49 of 3rd period - Penalty to Garrett Wilson is over, Garrett Wilson is back on ice.
16:54 of 3rd period - Icing by Lucas Lessio.
16:55 of 3rd period - Mathew Barzal wins face-off versus Dominic Turgeon in Griffins zone.
17:57 of 3rd period - Danton Heinen is hit by Sonny Milano and loses puck.
18:18 of 3rd period - Slapshot by Viktor Loov.
18:18 of 3rd period - Shot Misses the Net.
18:20 of 3rd period - Wrist shot by Adrian Kempe.
18:20 of 3rd period - Shot Hit the Post.
19:03 of 3rd period - Wrist shot by Ty Rattie.
19:03 of 3rd period - Shot Blocked by Adam Gaudette.
19:05 of 3rd period - Wrist shot by Dominic Turgeon.
19:05 of 3rd period - Stopped by Olivier Roy without a rebound.
19:06 of 3rd period - Kirk Muller call a timeout for Griffins.
19:06 of 3rd period - Brandon Pirri wins face-off versus Riley Armstrong in Griffins zone.
19:09 of 3rd period - Snap shot by Brandon Pirri.
19:09 of 3rd period - Goal by Brandon Pirri - Rocket : 3 - Griffins : 1.
19:10 of 3rd period - Sonny Milano wins face-off versus Mason Appleton in neutral zone.
19:17 of 3rd period - Slapshot by Sonny Milano.
19:17 of 3rd period - Shot Misses the Net.
19:44 of 3rd period - Slapshot by Brandon Pirri.
19:44 of 3rd period - Shot Misses the Net.
Goals for this period are 1 for Rocket vs 0 for Griffins.
Shots for this period are 7 for Rocket vs 19 for Griffins.